General information
- name: lljkMata P:| L:4
- type: Custom game
- host: lljkMata
- saver: timg5strok
map: EchoIsles
- players: 3
- length: 24:25
- speed: Fast
- version: 1.24 W3XP
- replay type: Public
» download(162 KB)
Players
team 1 (loser)
timg5strok (
gray | 167 APM | 4070 actions | 24:25)
3 Demon Hunter
2 Mana Burn
1 Evasion
4 Pit Lord
2 Howl of Terror
2 Cleaving Attack
» actions
| Assign group hotkey | 41 | |
| Basic commands | 203 | |
| Build / train | 75 | |
| ESC pressed | 2 | |
| Enter build submenu | 18 | |
| Enter hero's abilities submenu | 7 | |
| Give item / drop item | 2 | |
| Remove unit from queue | 1 | |
| Right click | 1913 | |
| Select / deselect | 365 | |
| Select group hotkey | 1312 | |
| Use ability | 131 | |
4070 total
» units
| Wisp | 18 | |
| Archer | 5 | |
| Druid of the Claw | 6 | |
| Dryad | 11 | |
40 total
» upgrades
| Druid of the Claw Training | 2 | |
| Ultravision | 1 | |
| Abolish Magic | 1 | |
| Well Spring | 1 | |
| Strength of the Wild | 2 | |
| Reinforced Hides | 2 | |
9 total
» buildings
| Altar of Elders | 1 | |
| Moon Well | 7 | |
| Ancient of War | 1 | |
| Tree of Ages | 1 | |
| Hunter's Hall | 1 | |
| Ancient of Wonders | 1 | |
| Ancient of Lore | 3 | |
| Tree of Eternity | 1 | |
| Tree of Life | 2 | |
18 total
» build order
00:04 Altar of Elders
00:17 Moon Well
00:24 Ancient of War
01:40 Moon Well
01:42 Moon Well
03:15 Tree of Ages
03:46 Moon Well
03:49 Hunter's Hall
04:45 Ancient of Wonders
05:47 Ancient of Lore
06:02 Ancient of Lore
06:33 Ancient of Lore
07:04 Tree of Eternity
07:09 Moon Well
12:07 Moon Well
12:27 Moon Well
13:18 Tree of Life
22:54 Tree of Life
» items
| Boots of Speed | 1 | |
| Staff of Preservation | 2 | |
| Orb of Venom | 2 | |
| Scroll of Town Portal | 2 | |
| Potion of Healing | 3 | |
| Scroll of Healing | 1 | |
11 total
team 2 (winner)
TNyZe.h4x (
red | 96 APM | 2356 actions | 24:25)
5 Death Knight
3 Death Coil
2 Unholy Aura
4 Lich
2 Frost Nova
2 Dark Ritual
3 Dark Ranger
2 Silence
1 Black Arrow
» actions
| Assign group hotkey | 179 | |
| Basic commands | 52 | |
| Build / train | 66 | |
| Enter build submenu | 17 | |
| Enter hero's abilities submenu | 12 | |
| Give item / drop item | 3 | |
| Right click | 830 | |
| Select / deselect | 444 | |
| Select group hotkey | 653 | |
| Use ability | 100 | |
2356 total
» units
| Acolyte | 4 | |
| Ghoul | 10 | |
| Obsidian Statue | 4 | |
| Abomination | 6 | |
| Meatwagon | 3 | |
27 total
» upgrades
| Ghoul Frenzy | 1 | |
| Destroyer Form | 1 | |
| Disease Cloud | 1 | |
| Unholy Armor | 1 | |
| Cannibalize | 1 | |
| Unholy Strength | 2 | |
| Burrow | 1 | |
| Web | 1 | |
| Creature Attack | 1 | |
10 total
» buildings
| Crypt | 1 | |
| Altar of Darkness | 1 | |
| Ziggurat | 7 | |
| Tomb of Relics | 1 | |
| Nerubian Tower | 1 | |
| Halls of the Dead | 1 | |
| Graveyard | 1 | |
| Black Citadel | 1 | |
| Slaughterhouse | 2 | |
16 total
» build order
00:05 Crypt
00:10 Altar of Darkness
00:24 Ziggurat
01:05 Tomb of Relics
01:37 Ziggurat
02:27 Nerubian Tower
03:17 Halls of the Dead
03:55 Graveyard
04:18 Ziggurat
05:41 Black Citadel
06:00 Slaughterhouse
06:28 Slaughterhouse
06:29 Ziggurat
11:26 Ziggurat
11:27 Ziggurat
12:22 Ziggurat
» items
| Rod of Necromancy | 2 | |
| Dust of Appearance | 1 | |
| Staff of Teleportation | 1 | |
| Orb of Corruption | 1 | |
| Claws of Attack +6 | 1 | |
| Gloves of Haste | 1 | |
| Scroll of Healing | 2 | |
| Scroll of Town Portal | 1 | |
| Potion of Lesser Invulnerability | 1 | |
11 total
refereeslljkMata Chat log
(00:14 / All) TNyZe.h4x: i only like tr vs human
(00:15 / All) TNyZe.h4x: gl hf
(00:26 / All) timg5strok: gl hf
(00:28 / All) TNyZe.h4x: spiking
(00:29 / All) TNyZe.h4x: :o
(00:35 / All) lljkMata: :-s
(05:36 / All) lljkMata: good surround
(05:39 / All) timg5strok: lmao
(05:54 / All) lljkMata: im just givin u a hard time
(06:09 / All) timg5strok: oh for real
(08:29 / All) TNyZe.h4x: pl lol
(08:53 / All) timg5strok: damn
(08:54 / All) timg5strok: close
(08:54 / All) timg5strok: 1
(09:01 / All) TNyZe.h4x: didnt even try to surround tt
(10:43 / All) timg5strok: whoa
(10:54 / All) lljkMata: holy crap..
(11:09 / All) lljkMata: how dd he get there
(11:10 / All) TNyZe.h4x: do you play cs
(11:12 / All) timg5strok: n
(11:21 / All) lljkMata: no only sc
(11:22 / All) TNyZe.h4x: incredibly fast reaction time
(11:51 / All) timg5strok: gayu
(15:19 / All) TNyZe.h4x: k
(18:45 / All) TNyZe.h4x: hm
(18:59 / All) timg5strok: dont think pitlord is working out for me
(18:59 / All) timg5strok: lmao
(19:02 / All) TNyZe.h4x: ye
(19:04 / All) TNyZe.h4x: he kinda sucks
(19:56 / All) timg5strok: boo
(20:06 / All) TNyZe.h4x: lemme just mana up lol
(20:47 / All) TNyZe.h4x: nigga seriously
(20:50 / All) timg5strok: lmao
(21:08 / All) timg5strok: how do i even beat mass wagon
(21:14 / All) TNyZe.h4x: ask jaws
(21:19 / All) TNyZe.h4x: he loses a lot
(24:23 / All) timg5strok: yeah gg
(24:24 / All) lljkMata: just call it